 Dungeon Crawl Stone Soup version 0.31-a0-188-g5e087ee2ca (webtiles) character file.

Game seed: 8530846905411184132

51 qw the Shooter (level 3, 0/20 HPs)
             Began as a Deep Elf Hunter on June 22, 2023.
             Slain by an adder (1 damage)
             ... on level 2 of the Dungeon.
             The game lasted 00:00:26 (1076 turns).

qw the Shooter (Deep Elf Hunter)                    Turns: 1076, Time: 00:00:27

Health: 0/20       AC:  3    Str: 10    XL:     3   Next: 58%
Magic:  5/5        EV: 12    Int: 13    God:
Gold:   134        SH:  0    Dex: 18    Spells: 2/2 levels left

rFire   . . .        Y - +0 shortbow
rCold   . . .        (shield currently unavailable)
rNeg    . . .        c - +0 leather armour
rPois   .            (no helmet)
rElec   .            (no cloak)
rCorr   .            (no gloves)
SInv    .            (no boots)
Will    .....        (no amulet)
Stlth   ++           (no ring)
HPRegen 0.23/turn    (no ring)
MPRegen 0.09/turn

%: no passive effects
@: lethally poisoned (0 -> -4), about to teleport
A: no striking features
a: no special abilities


You were on level 2 of the Dungeon.
You visited 1 branch of the dungeon, and saw 2 of its levels.

You collected 134 gold pieces.


   Skills:
 - Level 1.5 Fighting
 + Level 7.1 Ranged Weapons
 - Level 2.4 Dodging
 - Level 1.2 Stealth


You had 2 spell levels left.
You didn't know any spells.
Your spell library was empty.

Inventory:

Hand Weapons
 Y - a +0 shortbow (weapon)
Armour
 c - a +0 leather armour (worn)
 f - a +0 ring mail
Jewellery
 d - an amulet of regeneration
Scrolls
 a - 2 scrolls of enchant armour
 i - 2 scrolls of identify {unknown}
Potions
 b - a potion of magic {unknown}
 g - a potion of enlightenment {unknown}
 h - a potion of curing {unknown}

Dungeon Overview and Level Annotations

Branches:
Dungeon (2/15)

Altars:


Message History

The adder is lightly wounded.
You shoot an arrow. The arrow misses the adder.
The arrow barely misses the ball python.
You shoot an arrow. The arrow closely misses the adder.
The arrow hits the ball python.
The ball python is moderately wounded.
You shoot an arrow. The arrow closely misses the adder.
The arrow closely misses the ball python.
The adder bites you but does no damage.
You shoot an arrow.
The arrow barely misses the ball python.
The adder closely misses you. The ball python bites you.
The ball python misses you. The adder bites you.
You are poisoned.
The adder poisons you!
You shoot an arrow.
The arrow closely misses the ball python.
You feel sick. The ball python barely misses you. x2
The adder barely misses you. The ball python barely misses you.
The ball python closely misses you.
You shoot an arrow.
The arrow closely misses the ball python.
You feel sick. The adder misses you. The ball python bites you.
The ball python barely misses you.
You shoot an arrow. The arrow hits the ball python.
The ball python is severely wounded.
You feel sick. The adder barely misses you.
The ball python closely misses you. x2
The adder closely misses you.
You shoot an arrow. The arrow hits the ball python.
You kill the ball python!
You feel sick. The adder bites you.
You are lethally poisoned!
The adder poisons you!
You shoot an arrow. The arrow closely misses the adder.
You feel sick. The adder bites you.
1076 ||| READING scroll of teleportation.
As you read the scroll of teleportation, it crumbles to dust.
You feel strangely unstable.
You feel sick. The adder bites you.
You die...

#.##.........#
#.#
#.##.#.#######
#.. #.##.#.#
#.# #......#
#.# ####.###
####### #..
###.###
#.....###.#
#.....#
#.....#...#
#.....#
#..........
#..@..#
#.....#...#
#..S%.#
#.....##.##
#..>..#
########...
###.### ##.#
... #.# #.#
#.. #.# #.#
#.. #.# #.#


You could see an adder.

Vanquished Creatures
  A worm (D:2)
  An orc (D:2)
  3 ball pythons (D:2)
  3 bats (D:1)
  3 endoplasms (D:1)
  5 giant cockroaches
  4 goblins
  5 hobgoblins
  2 jackals (D:2)
  2 kobolds
  4 quokkas (D:1)
  3 frilled lizards (D:1)
  4 rats (D:1)
40 creatures vanquished.

Notes
Turn   | Place    | Note
-------+----------+-------------------------------------------
     0 | D:1      | qw the Deep Elf Hunter began the quest for the Orb.
     0 | D:1      | Reached XP level 1. HP: 12/12 MP: 3/3
     0 | D:1      | 0 ||| qw: Version: 0.3-a-9-g12657ce
     0 | D:1      | 0 ||| qw: Game counter: 2999
     0 | D:1      | 0 ||| qw: Always use a shield: true
     0 | D:1      | 0 ||| qw: God list: Okawaru
     0 | D:1      | 0 ||| qw: Allow faded altars: false
     0 | D:1      | 0 ||| qw: Do Orc after D:15 true
     0 | D:1      | 0 ||| qw: Do second Lair branch before Depths: true
     0 | D:1      | 0 ||| qw: Lair rune preference: random
     0 | D:1      | 0 ||| qw: Plans: Normal
     0 | D:1      | 0 ||| PLANNING D:1-11
     6 | D:1      | Noticed a hog
     6 | D:1      | Noticed a water moccasin
     6 | D:1      | Noticed a rime drake
     7 | D:1      | Noticed a black bear
    22 | D:1      | Found a faded altar of an unknown god.
    81 | D:1      | Reached XP level 2. HP: 16/16 MP: 4/4
   108 | D:1      | Reached skill level 6 in Ranged Weapons
   542 | D:1      | Reached XP level 3. HP: 20/20 MP: 5/5
   808 | D:1      | 808 ||| READING 3 scrolls labelled CUWOOBL INGA.
   809 | D:1      | 809 ||| READING 2 scrolls labelled ALAIG ISMU.
   813 | D:1      | 813 ||| READING scroll labelled ZUMIOSA OXERU.
   814 | D:1      | 814 ||| DROPPING scroll of butterflies.
   968 | D:2      | Reached skill level 7 in Ranged Weapons
   979 | D:2      | Identified the +1 mace of Turmoil {heavy, Int+2}
  1075 | D:2      | HP: 3/20 [adder (3)]
  1076 | D:2      | 1076 ||| READING scroll of teleportation.
  1076 | D:2      | HP: 1/20 [poisoned by an adder]
  1076 | D:2      | Slain by an adder

Levels and vault maps discovered:
D:1:      onia_arrival_zoo_common, layout_loops_ring,
          ebering_ecumenical_altar_abandoned, serial_bayou_lagoon_a,
          serial_bayou_pond_b
D:2:      layout_loops_cross, uniq_crazy_yiuf_cottage

Skill      XL: |  1  2  3 |
---------------+----------+-----
Ranged Weapons | 6 7 |  7.1
Fighting       | |  1.5
Dodging        | |  2.4
Stealth        | |  1.2

Action                     || total
---------------------------++-------
   Fire: Shortbow          ||   110
    Use: Scroll            ||     4
 Armour: Leather armour    ||     8
  Dodge: Dodged            ||    32

Table legend:
 A = Non-vault XP
 B = Vault XP
 C = Vault XP percentage of total XP
 D = Non-vault monster count
 E = Vault monster count
 F = Vault count percentage of total count
                 A         B        C        D         E       F
            +---------+---------+-------+---------+---------+-------
      Total |      71 |       3 |   4.1 |      38 |       2 |   5.0
            +---------+---------+-------+---------+---------+-------
        D:1 |      44 |       3 |   6.4 |      26 |       2 |   7.1
        D:2 |      27 |       0 |   0.0 |      12 |       0 |   0.0
            +---------+---------+-------+---------+---------+-------
